 Dungeon Crawl Stone Soup version 0.30-a0-1160-g6e42c06551 (webtiles) character file.

Game seed: 7802014495239824968

3463115 NateTC the Conqueror (level 26, 239/239 HPs)
             Began as a Minotaur Fighter on Apr 23, 2023.
             Was a High Priest of Okawaru.
             Escaped with the Orb
             ... and 5 runes on Apr 26, 2023!
             The game lasted 04:25:35 (60988 turns).

NateTC the Conqueror (Minotaur Fighter)            Turns: 60988, Time: 04:25:36

Health: 239/239    AC: 37    Str: 46      XL:     26   Next: 38%
Magic:  28/28      EV: 16    Int:  2 (5)  God:    Okawaru [*****.]
Gold:   8107       SH: 21    Dex:  6      Spells: 25/25 levels left

rFire   + . .        H - +10 broad axe of Evolution {freeze, rPois rC+ rN+ Will+}
rCold   + + +        b - +5 kite shield {reflect}
rNeg    + + +        B - +12 gold dragon scales
rPois   +            K - +1 hat of Silly Awe {rC+ rCorr}
rElec   +            S - scarf {repulsion}
rCorr   +            T - +1 pair of gloves "Vomom" {rN+ Str+4 Int+3}
SInv    +            y - +0 pair of boots "Qepun" {rN+ Str+6 SInv}
Will    ++++.        L - amulet of Igiash {RegenMP Will+ Regen+} Stlth
                     J - ring of Orthodoxy {rElec rF+ rN+ EV+5}
HPRegen 1.39/turn    D - ring of Desod {Fly rPois rN+}
MPRegen 0.61/turn

%: random rage (9%), repel missiles, reflection
@: flying, studying 3 skills
A: horns 2, retaliatory headbutt, berserk 2, clumsy 2, cold resistance 1,
deformed body, dopey 1, frail 1, low MP 1, strong-willed 1, screaming 1, strong
1, heat vulnerability 1, subdued magic 1, inability to drink after injury 2,
sturdy frame 1
0: Orb of Zot
}: 5/15 runes: barnacled, slimy, silver, abyssal, gossamer
a: Renounce Religion, Heroism, Finesse, Duel


You escaped.
You worshipped Okawaru.
Okawaru was extremely pleased with you.
You visited 11 branches of the dungeon, and saw 53 of its levels.
You visited Pandemonium 1 time, and saw 1 of its levels.
You visited the Abyss 2 times.
You also visited: Ossuary.

You collected 9035 gold pieces.
You spent 928 gold pieces at shops.

Inventory:

Hand Weapons
 H - the +10 broad axe of Evolution (weapon) {freeze, rPois rC+ rN+ Will+}
   (You took it off a deep elf pyromancer on level 3 of the Elven Halls)

   rC:        It protects you from cold.
   rPois:     It protects you from poison.
   rN:        It protects you from negative energy.
   Will:      It increases your willpower.
Armour
 b - a +5 kite shield of reflection (worn)
 x - a +0 tower shield
 y - the +0 pair of boots "Qepun" (worn) {rN+ Str+6 SInv}
   (You found it on level 2 of the Depths)

   Str:       It affects your strength (+6).
   rN:        It protects you from negative energy.
   SInv:      It lets you see invisible.
 B - +12 gold dragon scales (worn)
 K - the +1 hat of Silly Awe (worn) {rC+ rCorr}
   (Okawaru gifted it to you on level 2 of the Lair of Beasts)

   rC:        It protects you from cold.
   rCorr:     It protects you from acid and corrosion.
 N - the +0 crystal plate armour "Dedwytaa" {Drain rC+ Will+}
   (Okawaru gifted it to you on level 12 of the Dungeon)

   rC:        It protects you from cold.
   Drain:     It drains your maximum health when unequipped.
   Will:      It increases your willpower.
 S - a scarf of repulsion (worn)
 T - the +1 pair of gloves "Vomom" (worn) {rN+ Str+4 Int+3}
   (Okawaru gifted it to you on level 3 of the Lair of Beasts)

   Str:       It affects your strength (+4).
   Int:       It affects your intelligence (+3).
   rN:        It protects you from negative energy.
Jewellery
 g - the ring "Kugog" {rPois Str+6 Dex+5}
   (You found it on level 3 of the Spider Nest)

   [ring of strength]

   Str:       It affects your strength (+6).
   Dex:       It affects your dexterity (+5).
   rPois:     It protects you from poison.
 p - a ring of see invisible
 t - the ring "Sueraf" {Ice *Corrode rElec Str-3 Int+8}
   (You took it off a deep elf pyromancer on level 3 of the Elven Halls)

   [ring of ice]

   It enhances your ice magic.
   Str:       It affects your strength (-3).
   Int:       It affects your intelligence (+8).
   rF:        It makes you vulnerable to fire.
   rC:        It protects you from cold.
   rElec:     It insulates you from electricity.
   *Corrode:  It may corrode you when you take damage.
 D - the ring of Desod (right hand) {Fly rPois rN+}
   (You acquired it on level 3 of the Elven Halls)

   [ring of positive energy]

   rPois:     It protects you from poison.
   rN:        It protects you from negative energy.
   Fly:       It grants you flight.
 I - a +6 ring of dexterity
 J - the ring of Orthodoxy (left hand) {rElec rF+ rN+ EV+5}
   (You bought it in a shop on level 2 of the Orcish Mines)

   [ring of evasion]

   EV:        It affects your evasion (+5).
   rF:        It protects you from fire.
   rElec:     It insulates you from electricity.
   rN:        It protects you from negative energy.
 L - the amulet of Igiash (around neck) {RegenMP Will+ Regen+}
   (You acquired it on level 2 of the Depths)

   [amulet of magic regeneration]

   It increases your rate of magic regeneration.
   Regen:     It increases your rate of health regeneration.
   Will:      It increases your willpower.
 M - an amulet of reflection
 R - a ring of protection from fire
 X - the ring of Darkness {Contam Fly rC+++ rCorr Str+3}
   (You found it on level 3 of the Depths)

   [ring of resist corrosion]

   Str:       It affects your strength (+3).
   rC:        It renders you almost immune to cold.
   Fly:       It grants you flight.
   Contam:    It causes magical contamination when unequipped.
   rCorr:     It protects you from acid and corrosion.
Wands
 a - a wand of mindburst (9)
 n - a wand of flame (95)
 u - a wand of digging (13)
 z - a wand of paralysis (74)
 O - a wand of iceblast (35)
 U - a wand of quicksilver (10)
 W - a wand of polymorph (39)
Scrolls
 c - 10 scrolls of fear
 h - 4 scrolls of blinking
 m - 15 scrolls of teleportation
 o - 8 scrolls of silence
 s - 9 scrolls of magic mapping
 F - 7 scrolls of fog
 P - 4 scrolls of poison
 V - 4 scrolls of enchant weapon
Potions
 d - 9 potions of might
 e - 8 potions of cancellation
 f - 5 potions of magic
 i - 7 potions of flight
 j - 6 potions of berserk rage
 k - 12 potions of lignification
 l - 12 potions of attraction
 q - 4 potions of brilliance
 r - 13 potions of haste
 v - 26 potions of curing
 w - 3 potions of invisibility
 A - 2 potions of mutation
 C - 5 potions of resistance
 Y - 7 potions of heal wounds
 Z - 7 potions of ambrosia
Miscellaneous
 E - a phial of floods
 G - a condenser vane
 Q - a lightning rod (4/4)


   Skills:
 O Level 27 Fighting
 - Level 24.4 Axes
 + Level 4.3 Throwing
 - Level 24.4 Armour
 - Level 10.9 Dodging
 O Level 27 Shields
 - Level 12.9 Invocations
 - Level 19.8 Evocations


You had 25 spell levels left.
You didn't know any spells.
Your spell library contained the following spells:

 Spells                   Type           Power      Damage    Failure   Level
 Beastly Appendage        Tmut           0%         N/A       86%         1
 Foxfire                  Conj/Fire      0%         2x1d4     86%         1
 Kiss of Death            Conj/Necr      0%         2d5       86%         1
 Magic Dart               Conj           0%         1d3       86%         1
 Necrotise                Necr           0%         1d4       86%         1
 Sandblast                Erth           0%         2d4       86%         1
 Shock                    Conj/Air       0%         1d3       86%         1
 Slow                     Hex            0%         N/A       86%         1
 Sting                    Tmut/Pois      0%         1d3       86%         1
 Blink                    Tloc           0%         N/A       95%         2
 Ensorcelled Hibernation  Hex/Ice        0%         N/A       95%         2
 Lesser Beckoning         Tloc           0%         N/A       95%         2
 Momentum Strike          Conj/Tloc      0%         3d8       95%         2
 Passwall                 Tmut/Erth      0%         N/A       95%         2
 Poisonous Vapours        Pois/Air       0%         N/A       95%         2
 Searing Ray              Conj           0%         2d4       95%         2
 Sublimation of Blood     Necr           0%         N/A       95%         2
 Wereblood                Tmut           0%         N/A       95%         2
 Confusing Touch          Hex            0%         N/A       99%         3
 Dazzling Flash           Conj/Hex       0%         N/A       99%         3
 Gell's Gravitas          Tloc           0%         N/A       99%         3
 Ignite Poison            Fire/Tmut/Pois 0%         N/A       99%         3
 Inner Flame              Hex/Fire       0%         N/A       99%         3
 Mephitic Cloud           Conj/Pois/Air  0%         N/A       99%         3
 Ozocubu's Armour         Ice            0%         N/A       99%         3
 Portal Projectile        Hex/Tloc       0%         N/A       99%         3
 Spider Form              Tmut/Pois      0%         N/A       99%         3
 Stone Arrow              Conj/Erth      0%         3d7       99%         3
 Swiftness                Air            0%         N/A       99%         3
 Teleport Other           Tloc           0%         N/A       99%         3
 Vampiric Draining        Necr           0%         2d6       99%         3
 Vhi's Electric Charge    Tloc/Air       0%         N/A       99%         3
 Volatile Blastmotes      Fire/Tloc      0%         2d10      99%         3
 Airstrike                Air            0%         2d(0-16)  100%        4
 Anguish                  Hex/Necr       0%         N/A       100%        4
 Dispel Undead            Necr           0%         3d6       100%        4
 Fulminant Prism          Conj/Hex       0%         3d5       100%        4
 Iskenderun's Mystic Bla  Conj/Tloc      0%         2d3       100%        4
 Leda's Liquefaction      Hex/Erth       0%         N/A       100%        4
 Manifold Assault         Tloc           0%         N/A       100%        4
 Olgreb's Toxic Radiance  Pois           0%         N/A       100%        4
 Petrify                  Tmut/Erth      0%         N/A       100%        4
 Sticky Flame             Conj/Fire      0%         2d3       100%        4
 Agony                    Necr           0%         N/A       100%        5
 Arcjolt                  Conj/Air       0%         1d10      100%        5
 Blade Hands              Tmut           0%         N/A       100%        5
 Borgnjor's Vile Clutch   Necr/Erth      0%         N/A       100%        5
 Fireball                 Conj/Fire      0%         3d3       100%        5
 Freezing Cloud           Conj/Ice/Air   0%         6-21      100%        5
 Irradiate                Conj/Tmut      0%         3d11      100%        5
 Iskenderun's Battlesphe  Conj           0%         2d6       100%        5
 Lee's Rapid Deconstruct  Erth           0%         3d4*      100%        5
 Metabolic Englaciation   Hex/Ice        0%         N/A       100%        5
 Yara's Violent Unravell  Hex/Tmut       0%         3d3       100%        5
 Conjure Ball Lightning   Conj/Air       0%         3x3d6     100%        6
 Eringya's Noxious Bog    Tmut/Pois      0%         N/A       100%        6
 Iron Shot                Conj/Erth      0%         9d1       100%        6
 Plasma Beam              Fire/Air       0%         2x1d11    100%        6
 Starburst                Conj/Fire      0%         6d3       100%        6
 Statue Form              Tmut/Erth      0%         N/A       100%        6
 Orb of Destruction       Conj           0%         9d5       100%        7
 Storm Form               Tmut/Air       0%         N/A       100%        7
 Discord                  Hex            0%         N/A       100%        8
 Disjunction              Tloc           0%         N/A       100%        8
 Ignition                 Fire           0%         3d3       100%        8
 Maxwell's Capacitive Co  Air            0%         ∞         100%        8
 Necromutation            Tmut/Necr      0%         N/A       100%        8
 Chain Lightning          Conj/Air       0%         N/A       100%        9
 Fire Storm               Conj/Fire      0%         5d1       100%        9
 Shatter                  Erth           0%         3d5*      100%        9
 Call Imp                 Summ           Unusable   N/A       N/A         2
 Summon Guardian Golem    Hex/Summ       Unusable   N/A       N/A         3
 Tukima's Dance           Hex            Unusable   N/A       N/A         3
 Animate Dead             Necr           Unusable   N/A       N/A         4
 Summon Lightning Spire   Summ/Air       Unusable   N/A       N/A         4
 Death Channel            Necr           Unusable   N/A       N/A         6
 Simulacrum               Ice/Necr       Unusable   N/A       N/A         6
 Spellforged Servitor     Conj/Summ      Unusable   N/A       N/A         7
 Summon Hydra             Summ           Unusable   N/A       N/A         7

Dungeon Overview and Level Annotations

Branches:
Dungeon (15/15)            Temple (1/1) D:6            Lair (5/5) D:10
 Shoals (4/4) Lair:3       Spider (4/4) Lair:2        Slime (5/5) Lair:5
    Orc (2/2) D:9             Elf (3/3) Orc:2        Vaults (5/5) D:13
  Crypt (0/3) Vaults:3     Depths (4/4) D:15            Zot (5/5) Depths:4
Ossuary (visited)

Altars:
Ashenzari
Cheibriados
Dithmenos
Elyvilon
Fedhas
Gozag
Nemelex Xobeh
Okawaru
Qazlal
Sif Muna
Trog
Uskayaw
Vehumet
Wu Jian
Xom
The Shining One
Lugonu

Shops:
D:3 ?   D:9 *   D:13 ?   Orc:2 !(**   Elf:1 ?   Elf:2 (   Vaults:3 :
Vaults:5 =   Depths:2 (   Depths:3 ::=

Portals:
Hell: Depths:1 Depths:2 Depths:3 Depths:4
Abyss: Depths:1 Depths:3 Depths:4
Pandemonium: Depths:2
Ziggurat: Depths:4
Trove: Depths:1 (give 8 scrolls of fear)

Annotations:
D:12 6 transporters, jasper's ghost, journeyman SpHu
Elf:2 3 runed translucent doors, Louise


Innate Abilities, Weirdness & Mutations

You have a pair of horns on your head.
You reflexively headbutt those who attack you in melee.
You have an uncontrollable temper.
You are very clumsy. (Dex -4)
Your flesh is cold resistant. (rC+)
Armour fits poorly on your strangely shaped body.
You are dopey. (Int -2)
You are frail. (-10% HP)
Your magical capacity is low. (-10% MP)
You are strong-willed. (Will+)
You occasionally shout uncontrollably at your foes.
Your muscles are strong. (Str +4, Int/Dex -1)
You are vulnerable to heat. (rF-)
Your spells are a little easier to cast, but a little less powerful.
You sometimes lose the ability to drink potions when taking damage.
Your movements are slightly less encumbered by armour. (ER -2)


Message History

This square is covered in magical glow.
The rock shatters into small pieces.
There is a stone staircase leading up here.
You fly upwards.
There is a stone staircase leading down here.
There is a stone staircase leading up here.
Okay, then.
You fly upwards.
There is a stone staircase leading down here.
Things that are here:
a +0 ring mail; a +0 dagger
There is a stone staircase leading up, spattered with blood here.
You fly upwards.
There is a stone staircase leading down here.
You see here 5 silver javelins.
There is an escape hatch in the ceiling here.
A mysterious force pulls you upwards. The hatch slams shut behind you.
There is a stone staircase leading up here.
You fly upwards.
There is a stone staircase leading down here.
Cleave: H) +10 broad axe of Evolution {freeze, rPois rC+ rN+ Will+}
Press: ? - help, Dir - move target, f - you
Okay, then.
Aiming: Dig
Press: ? - help, Shift-Dir - straight line A rock wall.
This square is covered in magical glow.
The rock shatters into small pieces.
There is a stone staircase leading up here.
You fly upwards.
There is a stone staircase leading down here.
Aiming: Dig
Press: ? - help, Shift-Dir - straight line A rock wall.
This square is covered in magical glow.
The rock shatters into small pieces.
There is an open door here.
There is a staircase leading out of the dungeon here.
You can't go down here!
You have escaped!

.......# ##.## #.# #.#
(......# ##.## #.# #.#
.....))# ##.### #.# #.#
.#####.######.'.# #.# #.#
..............#.# #.# #.#
...........####.# #.# #.#
...>.......# #.# #.# #.#
...........####.## #.# #.#
..............'.@#####.# #.#
...........####.##.....###.#
...........# #.#..........#
...........####.#..#########
..............#.#..#
......#######.'.#### ###.###
##### #.# ###.#######
##################


There were no monsters in sight!

Vanquished Creatures
  the Royal Jelly (Slime:5)
  4 dread liches
  7 orbs of fire
  3 ancient liches
  2 juggernauts
  Josephina (Depths:2)
  Sojobo (Vaults:5)
  7 Killer Klowns
  Bai Suzhen (Elf:3)
  Parghit (Depths:4)
  A shard shrike (Zot:2)
  Frederick (Vaults:3)
  2 curse toes
  Nikola (Elf:2)
  15 golden dragons
  A profane servitor (Abyss:3)
  2 doom hounds (Depths:3)
  the Enchantress (Depths:4)
  3 electric golems
  Jorgrun (Orc:1)
  2 deep elf blademasters (Elf:3)
  17 tentacled monstrosities
  8 titans
  A lich (Depths:2)
  Grunn (Depths:3)
  Zenata (Elf:1)
  A Hell Sentinel (D:9)
  25 Orb Guardians (Zot:5)
  8 acid blobs (Slime:5)
  13 death cobs
  2 deep elf master archers (Elf:3)
  Agnes (D:15)
  3 tentacled starspawn (Abyss:3)
  4 sphinxes
  9 quicksilver dragons
  A kraken (Shoals:1)
  8 tengu reavers
  17 shadow dragons
  Donald (Shoals:1)
  3 draconian monks
  Kirke (D:14)
  12 fire giants
  13 storm dragons
  4 draconian knights
  9 azure jellies
  An iron dragon (Depths:4)
  A shadow dragon (shapeshifter) (Depths:3)
  A daeva (Abyss:1)
  8 rockslimes
  14 vault wardens
  3 emperor scorpions
  7 frost giants
  7 deep elf sorcerers
  5 draconian scorchers
  Aizul (Spider:4)
  9 ghost moths
  5 deep elf elementalists (Elf:3)
  2 orc warlords
  13 draconian annihilators
  6 draconian shifters
  An angel (D:11)
  10 quicksilver oozes
  A cacodemon (Pan)
  A reaper (Depths:1)
  21 ironbound preservers
  3 spriggan defenders (Depths:4)
  4 broodmothers (Spider:2)
  A demonspawn corrupter (D:10)
  15 stone giants
  4 vampire knights
  3 draconian stormcallers (Zot:1)
  2 war gargoyles
  15 very ugly things
  7 ironbound thunderhulks
  6 deep elf demonologists
  8 black draconians
  A demonspawn black sun (D:10)
  12 purple draconians
  12 green draconians
  7 dire elephants
  8 deep elf annihilators
  13 white draconians
  A bunyip (Abyss:1)
  A lorocyproca (D:10)
  6 spark wasps
  12 yellow draconians
  An eidolon (Vaults:4)
  13 red draconians
  7 deep elf death magi (Elf:3)
  13 merfolk impalers
  10 fire dragons
  Snorg (Orc:2)
  17 ettins
  7 merfolk javelineers
  7 entropy weavers
  15 yaktaur captains
  8 great orbs of eyes
  3 deep elf high priests
  27 vault guards
  12 ice dragons
  The ghost of Pugak the Thaumaturge, a journeyman DECj of Vehumet (Lair:3)
  2 hell beasts
  7 hydras
  A jorogumo (Spider:2)
  A caustic shrike simulacrum (Depths:2)
  7 boulder beetles
  4 ironbound frosthearts
  3 ogre magi
  4 spriggan air magi
  An anaconda (shapeshifter) (Depths:1)
  A death knight (Vaults:3)
  4 merfolk avatars
  12 centaur warriors
  6 merfolk aquamancers
  An alligator snapping turtle (Shoals:4)
  14 dancing weapons
  6 death yaks
  14 deep troll earth magi
  A thrashing horror (Abyss:3)
  4 two-headed ogres
  6 deep troll shamans
  3 orc high priests (Orc:2)
  The ghost of cheesebisquit the Frost Mage, a novice MfIE of Hepliaklqana (D:9)
  16 deep elf knights
  3 tengu warriors
  11 sun demons
  3 spriggan berserkers
  4 soul eaters
  3 shock serpents (Vaults:4)
  A vampire mage (Vaults:3)
  14 iron trolls
  A sun moth (Spider:2)
  6 hell knights (Depths:4)
  A fire crab (Vaults:4)
  7 skysharks
  3 flayed ghosts
  A death drake (shapeshifter) (Depths:2)
  7 pharaoh ants
  58 deep trolls
  A fire crab (shapeshifter) (Vaults:5)
  5 skeletal warriors (D:13)
  5 sea snakes
  2 sixfirhies
  A shadow demon (D:7)
  6 glowing orange brains
  10 deep elf archers
  10 orb spiders
  Pikel (D:6)
  An obsidian statue (D:9)
  A swamp dragon (Lair:5)
  5 phantasmal warriors
  7 orc knights
  A spriggan simulacrum (Depths:2)
  6 steelbarb worms
  31 harpies
  9 lindwurms
  6 wizards
  28 deep elf zephyrmancers
  2 necromancers
  6 orc sorcerers
  29 deep elf pyromancers
  13 ironbound convokers
  21 wolf spiders
  18 manticores
  8 cyclopes
  An oklob plant (Lair:3)
  2 worldbinders (Vaults:4)
  29 ugly things
  5 fauns
  7 shining eyes
  24 moths of wrath
  7 merfolk sirens
  3 elephants (Lair:2)
  4 naga magi (Vaults:4)
  3 black mambas (Lair:2)
  2 eyes of devastation
  16 vault sentinels
  6 demonic crawlers
  9 water nymphs
  2 molten gargoyles (Vaults:4)
  4 smoke demons
  An apocalypse crab (Abyss:3)
  An eye of devastation (shapeshifter) (Vaults:1)
  An orange demon (Depths:2)
  2 gargoyles (D:13)
  2 hellions
  8 torpor snails
  10 cane toads
  5 rime drakes
  2 kobold demonologists
  An efreet (D:14)
  2 freezing wraiths
  10 komodo dragons
  39 yaktaurs
  A tormentor (Pan)
  A spark wasp simulacrum (Depths:2)
  4 tengu conjurers
  44 merfolk
  A polar bear (Lair:5)
  3 hellwings
  5 trolls
  12 meliai
  3 tyrant leeches (Lair:5)
  13 wind drakes
  24 tarantellas
  13 hornets
  3 raiju
  8 blink frogs
  23 dream sheep
  A frost giant simulacrum (Depths:2)
  A dream sheep (shapeshifter) (Depths:3)
  A centaur simulacrum (D:15)
  A large abomination (Abyss:3)
  14 air elementals
  56 slime creatures
  20 jumping spiders
  2 small abominations
  2 snapping turtles
  23 water elementals
  30 culicivoras
  4 spriggans (Depths:4)
  2 shadows
  A ynoxinul (Depths:2)
  7 fire elementals
  5 wyverns
  4 fire bats (Depths:3)
  33 yaks
  3 wraiths
  6 hogs
  6 golden eyes
  A neqoxec (Depths:2)
  6 steam dragons
  7 vampire mosquitoes
  A chaos spawn (D:9)
  51 redbacks
  4 wargs
  3 acid dragons
  Edmund (D:6)
  8 water moccasins
  Duvessa (D:5)
  2 hydra simulacra (Zot:2)
  A hell hound (Depths:3)
  An ice beast (Vaults:4)
  4 sky beasts
  A black bear (D:6)
  3 ogres
  29 orc warriors
  A swamp drake (Lair:5)
  19 wolves
  3 boggarts
  8 centaurs
  3 kobold brigands
  3 elf zombies (Ossuary)
  8 bullfrogs
  3 scorpions
  7 earth elementals
  2 gnoll sergeants
  10 wights
  Dowan (D:5)
  A hornet simulacrum (D:15)
  10 killer bees
  3 howler monkeys
  6 electric eels
  A vampire bat (Vaults:4)
  2 crimson imps (Abyss:3)
  4 lava snakes
  5 hounds
  2 human zombies (Ossuary)
  4 jellies
  23 orc priests
  Ijyb (D:5)
  9 iguanas
  An iron imp (Abyss:1)
  2 gnoll boudas
  18 orc wizards
  3 sleepcaps
  4 lightning spires (Vaults:4)
  2 mummies (Ossuary)
  4 adders
  25 gnolls
  A shadow imp (D:6)
  9 white imps
  2 ufetubi
  A worm (D:4)
  5 dart slugs
  53 orcs
  4 bats
  10 endoplasms
  3 giant cockroaches
  10 goblins
  6 hobgoblins
  3 jackals (D:4)
  12 kobolds
  6 quokkas
  7 ball pythons
  4 frilled lizards
  A goblin zombie (Ossuary)
  12 hobgoblin zombies (Ossuary)
  A jackal zombie (Ossuary)
  8 kobold zombies (Ossuary)
  8 orc zombies (Ossuary)
  6 rats
  2 rat zombies (Ossuary)
  A bush (Shoals:2)
  A spectral weapon (Zot:5)
  5 starspawn tentacles (Abyss:3)
  A tentacle (Shoals:1)
2188 creatures vanquished.

Vanquished Creatures (others)
  A storm dragon (Zot:4)
  A draconian monk (Zot:2)
  A draconian knight (Zot:2)
  A draconian annihilator (Zot:5)
  A deep troll shaman (Depths:3)
  3 deep elf knights (Elf:3)
  A harpy (Vaults:2)
  2 deep elf pyromancers
  A manticore (Shoals:4)
  A boggart (Vaults:1)
  An orc (Orc:2)
  A ball lightning (Vaults:4)
  39 fungi
  107 plants
  7 starspawn tentacles (Abyss:3)
  3 tentacles (Shoals:1)
171 creatures vanquished.

Grand Total: 2359 creatures vanquished

Notes
Turn   | Place    | Note
-------+----------+-------------------------------------------
     0 | D:1      | NateTC the Minotaur Fighter began the quest for the Orb.
     0 | D:1      | Reached XP level 1. HP: 19/19 MP: 0/0
    54 | D:1      | Reached XP level 2. HP: 26/26 MP: 1/1
   217 | D:1      | Reached XP level 3. HP: 31/31 MP: 2/2
   829 | D:1      | Reached XP level 4. HP: 45/45 MP: 3/3
   914 | D:2      | You fall into a shaft and drop 1 floor!
  1007 | D:2      | Found a shimmering blue altar of Sif Muna.
  1335 | D:2      | Reached XP level 5. HP: 40/51 MP: 4/4
  1801 | D:3      | Found Juyg Lio's Magic Scroll Emporium.
  2224 | D:4      | Reached XP level 6. HP: 58/58 MP: 5/5
  2944 | D:5      | Entered Level 5 of the Dungeon
  2944 | D:5      | Noticed Ijyb
  2951 | D:5      | Killed Ijyb
  2952 | D:5      | Reached XP level 7. HP: 61/66 MP: 6/6
  3274 | D:5      | Found a sand-covered staircase.
  3282 | Ossuary  | Entered an ossuary
  3382 | Ossuary  | Reached skill level 10 in Axes
  3395 | Ossuary  | Reached XP level 8. HP: 68/73 MP: 7/7
  3508 | D:5      | Noticed Duvessa
  3510 | D:5      | Noticed Dowan
  3548 | D:5      | Killed Duvessa
  3556 | D:5      | Killed Dowan
  4211 | D:6      | Found a shadowy altar of Dithmenos.
  4256 | D:6      | Found an ornate altar of the Wu Jian Council.
  4447 | D:6      | Reached XP level 9. HP: 82/82 MP: 8/8
  4460 | D:6      | Noticed Pikel
  4468 | D:6      | Killed Pikel
  4521 | D:6      | Identified the +8 hand axe of the Nurturing Augurer
                  | {freeze, Will+ Int+2 Dex+2 SInv}
  4603 | D:6      | Found a staircase to the Ecumenical Temple.
  4738 | D:6      | Noticed Edmund
  4744 | D:6      | Killed Edmund
  5176 | D:7      | Identified the +2 robe "Tirias" {MP+9 Int+4 Stlth+}
  5999 | D:7      | Identified a scroll of acquirement
  5999 | D:7      | Acquired a manual of Shields
  6081 | Temple   | Entered the Ecumenical Temple
  6099 | Temple   | Became a worshipper of Warmaster Okawaru
  6153 | D:8      | Noticed a two-headed ogre
  6165 | D:8      | Killed a two-headed ogre
  6282 | D:8      | Reached * piety under Okawaru
  6283 | D:8      | Reached XP level 10. HP: 84/91 MP: 9/9
  6289 | D:8      | Reached skill level 10 in Shields
  6431 | D:8      | Identified the +9 dagger of Inquiry {flame, rPois rCorr
                  | Int-3}
  6766 | D:9      | Found a staircase to the Orcish Mines.
  6979 | D:9      | Found a hide-covered altar of Uskayaw.
  6985 | D:9      | Reached ** piety under Okawaru
  6986 | D:9      | Reached skill level 1 in Invocations
  7269 | D:9      | Found a runed translucent gate.
  7269 | D:9      | Found a runed translucent gate.
  7269 | D:9      | Found a runed translucent gate.
  7271 | D:9      | Found an opulent altar of Gozag.
  7272 | D:9      | Noticed an obsidian statue
  7272 | D:9      | Noticed a two-headed ogre
  7272 | D:9      | Noticed cheesebisquit's ghost (novice MfIE)
  7273 | D:9      | Found Fude's Assorted Antiques.
  7366 | D:9      | Found a radiant altar of Vehumet.
  7650 | D:10     | Entered Level 10 of the Dungeon
  7662 | D:10     | Reached skill level 10 in Fighting
  7666 | D:10     | Reached *** piety under Okawaru
  7789 | D:10     | Found a shimmering blue altar of Sif Muna.
  7999 | D:10     | Found a staircase to the Lair.
  8023 | D:10     | Reached XP level 11. HP: 54/101 MP: 10/12
  8198 | D:10     | Reached **** piety under Okawaru
  8378 | Lair:1   | Entered Level 1 of the Lair of Beasts
  8391 | Lair:1   | Noticed a boulder beetle
  8416 | Lair:1   | Killed a boulder beetle
  8675 | Lair:1   | Identified the +0 flail of Certain Death {flame, Dex+4}
  9256 | Lair:2   | Reached ***** piety under Okawaru
  9388 | Lair:2   | Identified the +1 hat of Silly Awe {rC+ rCorr} (Okawaru
                  | gifted it to you on level 2 of the Lair of Beasts)
  9388 | Lair:2   | Received a gift from Okawaru
  9793 | Lair:2   | Found a hole to the Spider Nest.
  9800 | Lair:2   | Noticed a seven-headed hydra
  9811 | Lair:2   | Killed a two-headed hydra
  9812 | Lair:2   | Reached skill level 5 in Invocations
  9812 | Lair:2   | Reached XP level 12. HP: 43/112 MP: 14/14
 10050 | Lair:2   | Reached skill level 1 in Dodging
 10159 | Lair:3   | Noticed a death yak
 10159 | Lair:3   | Noticed a death yak
 10159 | Lair:3   | Noticed a death yak
 10172 | Lair:2   | Killed a death yak
 10173 | Lair:2   | Reached skill level 10 in Armour
 10176 | Lair:2   | Killed a death yak
 10431 | D:11     | Noticed a boulder beetle
 10455 | D:11     | Killed a boulder beetle
 10579 | D:11     | Noticed a two-headed ogre
 10586 | D:11     | Killed a two-headed ogre
 10587 | D:11     | Reached skill level 15 in Shields
 11224 | D:12     | Reached ****** piety under Okawaru
 11264 | D:12     | Found a transporter.
 11271 | D:12     | Noticed jasper's ghost (journeyman SpHu)
 11306 | D:12     | Identified the +0 crystal plate armour "Dedwytaa" {Drain
                  | rC+ Will+} (Okawaru gifted it to you on level 12 of the
                  | Dungeon)
 11306 | D:12     | Received a gift from Okawaru
 11421 | D:12     | Found a transporter.
 11608 | D:12     | Found a transporter.
 11614 | D:12     | Found a transporter.
 11877 | D:12     | Found a transporter.
 11877 | D:12     | Noticed a boulder beetle
 11930 | D:12     | Killed a boulder beetle
 11993 | D:12     | Found a transporter.
 12010 | D:13     | Found Hafan's Magic Scroll Shop.
 12358 | D:13     | Bought a scroll of brand weapon for 133 gold pieces
 12500 | D:13     | Noticed a centaur warrior
 12503 | D:13     | Noticed a centaur warrior
 12513 | D:13     | Killed a centaur warrior
 12542 | D:13     | Killed a centaur warrior
 12543 | D:13     | Reached XP level 13. HP: 122/122 MP: 15/15
 12548 | D:13     | Found a gate to the Vaults.
 12548 | D:13     | Noticed an ironbound preserver
 12561 | D:13     | Killed an ironbound preserver
 13400 | D:14     | Found an iron altar of Okawaru.
 13470 | D:14     | Reached skill level 15 in Axes
 13707 | D:14     | Noticed Kirke
 13810 | D:14     | Identified the +1 chain mail of Articulation {Will+ rCorr
                  | Stlth+} (Okawaru gifted it to you on level 14 of the
                  | Dungeon)
 13810 | D:14     | Received a gift from Okawaru
 13984 | D:14     | Killed Kirke
 15154 | D:14     | Found the +8 storm bow {elec, penet}
 15717 | D:14     | Reached XP level 14. HP: 133/133 MP: 17/17
 15938 | Orc:1    | Entered Level 1 of the Orcish Mines
 15946 | Orc:1    | Identified the +0 pearl dragon scales of the Snail {Rampage
                  | rN+ Will- Int+2} (Okawaru gifted it to you on level 1 of
                  | the Orcish Mines)
 15946 | Orc:1    | Received a gift from Okawaru
 16033 | Orc:2    | Entered Level 2 of the Orcish Mines
 16033 | Orc:2    | Noticed Jorgrun
 16033 | Orc:2    | Noticed an orc warlord
 16116 | Orc:1    | Killed Jorgrun
 16134 | Orc:1    | Killed an orc warlord
 16140 | Orc:1    | Reached skill level 1 in Evocations
 16297 | Orc:2    | Found a staircase to the Elven Halls.
 16478 | Orc:2    | Noticed Snorg
 16488 | Orc:2    | Killed Snorg
 16746 | Orc:2    | Found Cevuca's General Store.
 16752 | Orc:2    | Reached skill level 15 in Fighting
 16801 | Orc:2    | Paralysed by an orc sorcerer for 3 turns
 17342 | Orc:2    | Paralysed by an orc sorcerer for 4 turns
 17847 | Orc:2    | Found Opemomen's Distillery.
 17848 | Orc:2    | Found Kec Kuo's Assorted Antiques.
 17848 | Orc:2    | Found Ovumm's Antique Weapon Emporium.
 17856 | Orc:2    | Bought a potion of heal wounds for 60 gold pieces
 17867 | Orc:2    | Bought a potion of heal wounds for 155 gold pieces
 17867 | Orc:2    | Bought a scintillating golden ring for 155 gold pieces
 17867 | Orc:2    | Identified the ring of Orthodoxy {rElec rF+ rN+ EV+5} (You
                  | bought it in a shop on level 2 of the Orcish Mines)
 18097 | Lair:3   | Identified the +1 pair of gloves "Vomom" {rN+ Str+4 Int+3}
                  | (Okawaru gifted it to you on level 3 of the Lair of Beasts)
 18097 | Lair:3   | Received a gift from Okawaru
 18445 | Lair:3   | Found a staircase to the Shoals.
 18639 | Lair:3   | Found a runed translucent door.
 19017 | Lair:3   | Noticed Pugak's ghost (journeyman DECj)
 19062 | Lair:3   | Killed Pugak's ghost
 19667 | Lair:4   | Got Jickeuh's Verses on the Fetching Cwm
 19821 | Lair:5   | Entered Level 5 of the Lair of Beasts
 19821 | Lair:5   | Found a staircase to the Slime Pits.
 19828 | Lair:5   | Reached skill level 5 in Evocations
 19970 | Lair:5   | Identified the +4 ring mail "Peag" {Dex+2} (Okawaru gifted
                  | it to you on level 5 of the Lair of Beasts)
 19970 | Lair:5   | Received a gift from Okawaru
 20009 | Lair:5   | Reached XP level 15. HP: 143/144 MP: 19/19
 20669 | Lair:5   | Found a runed translucent door.
 21047 | Spider:1 | Entered Level 1 of the Spider Nest
 21577 | Spider:1 | Identified the +2 ring mail "Ozotion" {rC+++ Str+4 Int-3}
                  | (Okawaru gifted it to you on level 1 of the Spider Nest)
 21577 | Spider:1 | Received a gift from Okawaru
 23041 | Spider:2 | Reached skill level 5 in Dodging
 23168 | Spider:3 | Noticed an emperor scorpion
 23462 | Spider:2 | Received a gift from Okawaru
 23790 | Spider:2 | Reached XP level 16. HP: 118/155 MP: 20/20
 25044 | Spider:3 | Received a gift from Okawaru
 25377 | Spider:3 | Identified the ring "Kugog" {rPois Str+6 Dex+5}
 25446 | Spider:4 | Entered Level 4 of the Spider Nest
 26003 | Spider:4 | Noticed Aizul
 26027 | Spider:4 | Killed Aizul
 27181 | Spider:3 | Identified the +8 war axe of the Undead {freeze, rN+ Str+2}
                  | (Okawaru gifted it to you on level 3 of the Spider Nest)
 27181 | Spider:3 | Received a gift from Okawaru
 28038 | Spider:4 | Got a gossamer rune of Zot
 28663 | Elf:1    | Entered Level 1 of the Elven Halls
 28663 | Elf:1    | Found the +10 zealot's sword {holy, Zealotry, *Rage rN+
                  | EV+3}
 28684 | Elf:1    | Found a radiant altar of Vehumet.
 28743 | Elf:1    | Reached skill level 15 in Armour
 28744 | Elf:1    | Received a gift from Okawaru
 28861 | Elf:1    | Reached XP level 17. HP: 136/166 MP: 22/22
 29582 | Elf:1    | Found Jishroir's Magic Scroll Shoppe.
 29585 | Elf:1    | Bought a scroll of blinking for 142 gold pieces
 29830 | Elf:1    | Noticed Zenata
 29853 | Elf:1    | Killed Zenata
 30311 | Elf:2    | Found Hunk's Weapon Boutique.
 30481 | Elf:2    | Upgraded the game from 0.30-a0-1124-g6e8f0f562f to
                  | 0.30-a0-1157-g2cc9ac7196
 30904 | Elf:2    | Found a runed translucent gate.
 30904 | Elf:2    | Found a runed translucent gate.
 30904 | Elf:2    | Found a runed translucent gate.
 30979 | Elf:2    | Received a gift from Okawaru
 31072 | Elf:2    | Noticed Nikola
 31083 | Elf:2    | Killed Nikola
 31420 | Elf:2    | Noticed Louise
 31478 | Elf:3    | Entered Level 3 of the Elven Halls
 31674 | Elf:3    | Reached skill level 10 in Invocations
 31680 | Elf:3    | Reached skill level 10 in Evocations
 31947 | Elf:3    | Noticed Bai Suzhen
 31969 | Elf:3    | Killed Bai Suzhen
 32029 | Elf:3    | Identified the +5 war axe of Pride {drain, rElec rPois
                  | Will-} (Okawaru gifted it to you on level 3 of the Elven
                  | Halls)
 32029 | Elf:3    | Received a gift from Okawaru
 32289 | Elf:3    | Noticed a deep elf blademaster
 32311 | Elf:3    | Noticed a deep elf master archer
 32312 | Elf:3    | Noticed a deep elf blademaster
 32313 | Elf:3    | Killed a deep elf blademaster
 32314 | Elf:3    | Identified the +10 broad axe of Evolution {freeze, rPois
                  | rC+ rN+ Will+}
 32314 | Elf:3    | Identified the ring "Sueraf" {Ice *Corrode rElec Str-3
                  | Int+8}
 32317 | Elf:3    | Killed a ghostly deep elf blademaster
 32326 | Elf:3    | Noticed a deep elf master archer
 32327 | Elf:3    | Killed a deep elf blademaster
 32330 | Elf:3    | Killed a deep elf master archer
 32332 | Elf:3    | Noticed an Ice Fiend
 32335 | Elf:3    | Reached XP level 18. HP: 94/176 MP: 24/24
 32831 | Elf:3    | Identified the +0 pair of boots "Nyfoel" {-Tele rPois Int+6
                  | Stlth+} (Okawaru gifted it to you on level 3 of the Elven
                  | Halls)
 32831 | Elf:3    | Received a gift from Okawaru
 33122 | Elf:3    | Identified the +8 longbow of the Establishment {elec, Str+2
                  | Int+2}
 33129 | Elf:3    | Identified the +10 falchion of Demonic Defiance {freeze,
                  | rPois Str+3}
 33315 | Elf:3    | Acquired the ring of Desod {Fly rPois rN+}
 33547 | Elf:3    | Got Wayt Ledgh's Textbook on the Discharge
 33870 | Shoals:1 | Entered Level 1 of the Shoals
 34096 | Shoals:1 | Noticed Donald
 34105 | Shoals:1 | Killed Donald
 35784 | Shoals:3 | Identified the +6 hand axe of Sharp Fortitude {drain, rPois
                  | Will+ MP+9 Dex+2} (Okawaru gifted it to you on level 3 of
                  | the Shoals)
 35784 | Shoals:3 | Received a gift from Okawaru
 36748 | Shoals:4 | Entered Level 4 of the Shoals
 36748 | Shoals:4 | Found a blossoming altar of Fedhas.
 36764 | Shoals:4 | Received a gift from Okawaru
 36838 | Shoals:4 | Reached XP level 19. HP: 147/187 MP: 26/26
 36894 | Shoals:4 | Identified the +11 quarterstaff "Orepaukk" {heavy, rF+++
                  | rC+ Stlth-}
 36894 | Shoals:4 | Identified the +1 chain mail of Etraimn {+Inv Will+ Regen+
                  | Dex-5}
 37150 | Shoals:4 | Got a barnacled rune of Zot
 37252 | Shoals:4 | Got the Writings on Flesh and Weather
 37330 | Shoals:4 | Paralysed by an air elemental for 1 turns
 37434 | Shoals:4 | Acquired a manual of Evocations
 37690 | Shoals:4 | Paralysed by an air elemental for 1 turns
 38134 | D:15     | Entered Level 15 of the Dungeon
 38205 | D:15     | Identified the +1 broad axe "Liuziex" {drain, *Rage rCorr
                  | Dex+6 Stlth-} (Okawaru gifted it to you on level 15 of the
                  | Dungeon)
 38205 | D:15     | Received a gift from Okawaru
 38233 | D:15     | Identified the +7 plate armour of Jaso {rN+++ Str-3 Dex+5}
 38569 | D:15     | Found a staircase to the Depths.
 38716 | D:15     | Noticed Agnes
 38720 | D:15     | Killed Agnes
 38968 | Depths:1 | Entered Level 1 of the Depths
 39082 | Depths:1 | Found a hide-covered altar of Uskayaw.
 39092 | Depths:1 | Received a gift from Okawaru
 39248 | Depths:1 | Found a portal to a secret trove of treasure.
 39623 | Depths:1 | Found a gateway to Hell.
 39863 | Depths:1 | Found a one-way gate to the infinite horrors of the Abyss.
 40130 | Depths:2 | Noticed a juggernaut
 40146 | Depths:2 | Killed a juggernaut
 40147 | Depths:2 | Reached XP level 20. HP: 176/200 MP: 28/28
 40180 | Depths:2 | Received a gift from Okawaru
 40426 | Depths:2 | Identified the ring "Oxtystag" {Ice Dex+5 Stlth+}
 40426 | Depths:2 | Noticed Josephina
 40456 | Depths:2 | Killed Josephina
 40534 | Depths:2 | Found a one-way gate leading to the halls of Pandemonium.
 40649 | Depths:2 | Found a broken altar of Ashenzari.
 40832 | Depths:2 | Found Ceng's Antique Weapon Boutique.
 40837 | Depths:2 | Identified the +0 pair of boots "Qepun" {rN+ Str+6 SInv}
 40947 | Depths:2 | Acquired the amulet of Igiash {RegenMP Will+ Regen+}
 41453 | Slime:1  | Entered Level 1 of the Pits of Slime
 41578 | Slime:4  | Gained mutation: You have hidden genetic defects. [a
                  | shining eye]
 41580 | Slime:4  | Gained mutation: You are frail. (-10% HP) [a shining eye]
 41587 | Slime:4  | Gained mutation: Armour fits poorly on your strangely
                  | shaped body. [a shining eye]
 41599 | Slime:5  | Entered Level 5 of the Pits of Slime
 41752 | Slime:5  | Identified the +2 tower shield of Gallantry {Rampage rF+
                  | Will- Regen+} (Okawaru gifted it to you on level 5 of the
                  | Pits of Slime)
 41752 | Slime:5  | Received a gift from Okawaru
 41815 | Slime:5  | Lost mutation: You are frail. (-10% HP) [potion of
                  | mutation]
 41815 | Slime:5  | Lost mutation: Armour fits poorly on your strangely shaped
                  | body. [potion of mutation]
 41815 | Slime:5  | Gained mutation: You sometimes lose your temper in combat.
                  | [potion of mutation]
 41834 | Slime:5  | Noticed the Royal Jelly
 41851 | Slime:5  | Killed the Royal Jelly
 41890 | Slime:5  | Reached skill level 15 in Evocations
 41901 | Slime:5  | Gained mutation: You occasionally shout uncontrollably at
                  | your foes. [hidden defects]
 41922 | Slime:5  | Lost mutation: You sometimes lose your temper in combat.
                  | [potion of mutation]
 41922 | Slime:5  | Lost mutation: You occasionally shout uncontrollably at
                  | your foes. [potion of mutation]
 41922 | Slime:5  | Lost mutation: You have hidden genetic defects. [potion of
                  | mutation]
 41922 | Slime:5  | Gained mutation: Your body sometimes deteriorates upon
                  | taking damage. [potion of mutation]
 41922 | Slime:5  | Gained mutation: Armour fits poorly on your strangely
                  | shaped body. [potion of mutation]
 41922 | Slime:5  | Gained mutation: Your muscles are strong. (Str +4, Int/Dex
                  | -1) [potion of mutation]
 41923 | Slime:5  | Lost mutation: Armour fits poorly on your strangely shaped
                  | body. [potion of mutation]
 41923 | Slime:5  | Lost mutation: Your body sometimes deteriorates upon taking
                  | damage. [potion of mutation]
 41923 | Slime:5  | Gained mutation: You are frail. (-10% HP) [potion of
                  | mutation]
 41923 | Slime:5  | Gained mutation: You expend magic power (3 MP) to
                  | strengthen your wands. [potion of mutation]
 41961 | Slime:5  | Got the Textbook on Bewitching Battle Magic
 42035 | Slime:5  | Identified the +0 robe of Lethargy {MP+9 Dex+4}
 42047 | Slime:5  | Identified the +10 plate armour of Honesty {Rampage rElec
                  | rPois Will-}
 42070 | Slime:5  | Got a slimy rune of Zot
 42802 | Depths:3 | Noticed a golden dragon
 42996 | Depths:3 | Killed a golden dragon
 43029 | Depths:3 | Lost mutation: Your muscles are strong. (Str +4, Int/Dex
                  | -1) [a shining eye]
 43030 | Depths:3 | Gained mutation: You are vulnerable to cold. (rC-) [a
                  | shining eye]
 43031 | Depths:3 | Gained mutation: Your magical capacity is low. (-10% MP) [a
                  | shining eye]
 43031 | Depths:3 | Gained mutation: You are clumsy. (Dex -2) [a shining eye]
 43033 | Depths:3 | Gained mutation: Armour fits poorly on your strangely
                  | shaped body. [a shining eye]
 43035 | Depths:3 | Gained mutation: You sometimes lose your temper in combat.
                  | [a shining eye]
 43042 | Depths:3 | Gained mutation: You are weak. (Str -2) [a shining eye]
 43044 | Depths:3 | Gained mutation: Potions are less effective at restoring
                  | your health. [a shining eye]
 43054 | Depths:3 | Lost mutation: You expend magic power (3 MP) to strengthen
                  | your wands. [potion of mutation]
 43054 | Depths:3 | Lost mutation: You are vulnerable to cold. (rC-) [potion of
                  | mutation]
 43054 | Depths:3 | Lost mutation: Potions are less effective at restoring your
                  | health. [potion of mutation]
 43054 | Depths:3 | Gained mutation: You are occasionally teleported next to
                  | monsters. [potion of mutation]
 43054 | Depths:3 | Lost mutation: Your magical capacity is low. (-10% MP)
                  | [potion of mutation]
 43055 | Depths:3 | Lost mutation: You are clumsy. (Dex -2) [potion of
                  | mutation]
 43055 | Depths:3 | Lost mutation: You are weak. (Str -2) [potion of mutation]
 43055 | Depths:3 | Gained mutation: You are partially covered in large bone
                  | plates. (SH +4) [potion of mutation]
 43056 | Depths:3 | Lost mutation: You are occasionally teleported next to
                  | monsters. [potion of mutation]
 43056 | Depths:3 | Lost mutation: Armour fits poorly on your strangely shaped
                  | body. [potion of mutation]
 43056 | Depths:3 | Lost mutation: You are partially covered in large bone
                  | plates. (SH +4) [potion of mutation]
 43056 | Depths:3 | Gained mutation: You occasionally lose the ability to drink
                  | potions when taking damage. [potion of mutation]
 43056 | Depths:3 | Gained mutation: Your muscles are strong. (Str +4, Int/Dex
                  | -1) [potion of mutation]
 43056 | Depths:3 | Gained mutation: You are strong-willed. (Will+) [potion of
                  | mutation]
 43056 | Depths:3 | Gained mutation: Your movements are slightly less
                  | encumbered by armour. (ER -2) [potion of mutation]
 43218 | Vaults:1 | Entered Level 1 of the Vaults
 43372 | Vaults:1 | Reached XP level 21. HP: 189/191 MP: 29/29
 43400 | Vaults:1 | Received a gift from Okawaru
 44170 | Vaults:1 | Identified the +2 plate armour of the Tired Knives {MP+9}
                  | (Okawaru gifted it to you on level 1 of the Vaults)
 44170 | Vaults:1 | Received a gift from Okawaru
 44550 | D:9      | Killed cheesebisquit's ghost
 44585 | D:9      | Bought a scroll of blinking for 247 gold pieces
 44741 | D:3      | Bought a scroll of teleportation for 36 gold pieces
 45144 | Depths:4 | Entered Level 4 of the Depths
 45542 | Depths:3 | Found Fisselumiwn's Book Shop.
 45544 | Depths:3 | Found Opnemauc's Jewellery Emporium.
 45546 | Depths:3 | Found Gicum's Book Shop.
 45793 | Depths:3 | Noticed Grunn
 45832 | Depths:3 | Killed Grunn
 46043 | Depths:3 | Identified the ring of Darkness {Contam Fly rC+++ rCorr
                  | Str+3}
 46411 | Depths:4 | Noticed the Enchantress
 46430 | Depths:4 | Killed the Enchantress
 46440 | Depths:4 | Noticed a juggernaut
 46454 | Depths:4 | Killed a juggernaut
 46454 | Depths:4 | Received a gift from Okawaru
 46541 | Depths:4 | Found a corrupted altar of Lugonu.
 46567 | Depths:4 | Identified the +1 robe "Hiluc" {Regen+ Int+4} (Okawaru
                  | gifted it to you on level 4 of the Depths)
 46567 | Depths:4 | Received a gift from Okawaru
 46568 | Depths:4 | Found a one-way gateway to a ziggurat.
 46603 | Depths:4 | Reached XP level 22. HP: 205/205 MP: 30/30
 46911 | Depths:4 | Found a glowing golden altar of the Shining One.
 47042 | Depths:4 | Noticed a golden dragon
 47048 | Depths:4 | Killed a golden dragon
 47144 | Depths:4 | Found a gate to the Realm of Zot.
 47260 | Depths:4 | Noticed Parghit
 47287 | Depths:4 | Killed Parghit
 48304 | Vaults:2 | Reached skill level 27 in Fighting
 49170 | Vaults:3 | Received a gift from Okawaru
 49208 | Vaults:3 | Found a staircase to the Crypt.
 49384 | Vaults:3 | Found Ymiamnen's Book Shop.
 49455 | Vaults:3 | Noticed Frederick
 49461 | Vaults:3 | Killed Frederick
 49964 | Vaults:4 | Paralysed by an air elemental for 1 turns
 49979 | Vaults:4 | Paralysed by an air elemental for 1 turns
 50024 | Vaults:4 | Got the Handbook of Air
 50098 | Vaults:4 | Received a gift from Okawaru
 50371 | Vaults:4 | Got the Grimoire of the Volcano
 50518 | Vaults:4 | Reached XP level 23. HP: 216/216 MP: 31/31
 50539 | Vaults:4 | Got the Spellbook of Permutations
 51182 | Vaults:5 | Entered Level 5 of the Vaults
 51238 | Vaults:5 | Identified the +7 hand axe of Dishonour {heavy, rPois Will+
                  | Int+6 Dex-4} (Okawaru gifted it to you on level 5 of the
                  | Vaults)
 51238 | Vaults:5 | Received a gift from Okawaru
 51279 | Vaults:5 | Noticed a dread lich
 51362 | Vaults:5 | Killed a dread lich
 51519 | Vaults:5 | Noticed Sojobo
 51543 | Vaults:5 | Killed Sojobo
 51612 | Vaults:5 | Found Hovi's Jewellery Boutique.
 51617 | Vaults:5 | Identified the +5 ring mail "Ygav" {SInv} (Okawaru gifted
                  | it to you on level 5 of the Vaults)
 51617 | Vaults:5 | Received a gift from Okawaru
 51730 | Vaults:5 | Identified the staff of earth "Sag Cux" {Contam rElec rF-
                  | rN+++}
 51899 | Vaults:5 | Noticed an ancient lich
 51909 | Vaults:5 | Killed an ancient lich
 52180 | Vaults:5 | Got a silver rune of Zot
 52183 | Vaults:5 | Identified the +1 whip of Dominance {freeze, Drain rC+
                  | Str+3}
 52573 | Zot:1    | Entered Level 1 of the Realm of Zot
 52618 | Zot:1    | Identified the scarf of Itogepn {+Inv, Int+6}
 52679 | Zot:1    | Reached XP level 24. HP: 224/224 MP: 31/31
 52792 | Arena    | Entered the Arena
 53228 | Zot:1    | Acquired 1149 gold pieces
 53250 | Zot:1    | Identified the +0 pair of boots of Resilience {rCorr Int+7
                  | SInv}
 53779 | Zot:2    | Received a gift from Okawaru
 53820 | Zot:2    | Noticed a shard shrike
 53821 | Zot:2    | Noticed an orb of fire
 53845 | Zot:2    | Killed a shard shrike
 53848 | Zot:2    | Killed an orb of fire
 53875 | Zot:2    | Reached skill level 10 in Dodging
 54893 | Zot:2    | Upgraded the game from 0.30-a0-1157-g2cc9ac7196 to
                  | 0.30-a0-1160-g6e42c06551
 54953 | Zot:3    | Received a gift from Okawaru
 55295 | Zot:3    | Identified the staff of cold "Zoty" {rC+ rN++}
 55335 | Zot:3    | Identified the ring of the Invisible Lies {rElec rC+ rCorr}
 55363 | Zot:3    | You are sucked into a shaft and drop 1 floor!
 55816 | Zot:4    | Noticed an orb of fire
 55816 | Zot:4    | Noticed an ancient lich
 55818 | Arena    | Entered the Arena
 55829 | Arena    | Gained mutation: Your flesh is cold resistant. (rC+) [an
                  | orb of fire]
 55831 | Arena    | Killed an orb of fire
 55859 | Zot:4    | Killed an ancient lich
 55860 | Zot:4    | Reached XP level 25. HP: 220/231 MP: 27/31
 56189 | Zot:4    | Identified the +1 broad axe of Obsession {pain, rC+ Will-
                  | Str+7 Stlth-} (Okawaru gifted it to you on level 4 of the
                  | Realm of Zot)
 56189 | Zot:4    | Received a gift from Okawaru
 56605 | Zot:4    | Identified the amulet "Jecabra" {Faith rC+ Dex+4}
 56620 | Zot:4    | Identified the +7 long sword of the Foot {heavy, Stlth+}
 56690 | Zot:4    | Found the amulet of the Four Winds {rN+ Will+++ Clar}
 56933 | Zot:5    | Entered Level 5 of the Realm of Zot
 57056 | Zot:5    | Received a gift from Okawaru
 57264 | Zot:5    | Noticed a Killer Klown
 57285 | Zot:4    | Killed a Killer Klown
 57479 | Zot:5    | Noticed an orb of fire
 57483 | Zot:5    | Noticed an orb of fire
 57487 | Zot:5    | Noticed a dread lich
 57496 | Zot:5    | Noticed a dread lich
 57498 | Zot:5    | Gained mutation: You occasionally shout uncontrollably at
                  | your foes. [an orb of fire]
 57501 | Zot:5    | Gained mutation: Armour fits poorly on your strangely
                  | shaped body. [an orb of fire]
 57501 | Zot:5    | Noticed a dread lich
 57502 | Zot:5    | Killed an orb of fire
 57502 | Zot:5    | Noticed a Killer Klown
 57505 | Zot:5    | Killed an orb of fire
 57505 | Zot:5    | Identified the +0 tower shield "Ingof" {Dex+4} (Okawaru
                  | gifted it to you on level 5 of the Realm of Zot)
 57505 | Zot:5    | Received a gift from Okawaru
 57508 | Zot:5    | Noticed a Killer Klown
 57527 | Zot:5    | Killed a dread lich
 57535 | Zot:5    | Killed a dread lich
 57540 | Zot:5    | Killed a dread lich
 57556 | Zot:5    | Killed a Killer Klown
 57663 | Zot:5    | Killed a Killer Klown
 57707 | Zot:5    | Noticed an orb of fire
 57719 | Zot:5    | Gained mutation: You are vulnerable to heat. (rF-) [an orb
                  | of fire]
 57729 | Zot:5    | Killed an orb of fire
 57775 | Zot:5    | Noticed a Killer Klown
 57787 | Zot:5    | Killed a Killer Klown
 57831 | Zot:5    | Noticed an orb of fire
 57834 | Zot:5    | Gained mutation: You have an uncontrollable temper. [an orb
                  | of fire]
 57841 | Zot:5    | Gained mutation: You are clumsy. (Dex -2) [an orb of fire]
 57845 | Zot:5    | Killed an orb of fire
 57996 | Zot:5    | Noticed an ancient lich
 58003 | Zot:5    | Killed an ancient lich
 58008 | Zot:5    | Noticed a Killer Klown
 58018 | Zot:5    | Noticed an orb of fire
 58286 | Zot:5    | Gained mutation: Your spells are a little easier to cast,
                  | but a little less powerful. [an orb of fire]
 58289 | Zot:5    | Gained mutation: Your magical capacity is low. (-10% MP)
                  | [an orb of fire]
 58359 | Zot:5    | Gained mutation: You are very clumsy. (Dex -4) [an orb of
                  | fire]
 58362 | Arena    | Entered the Arena
 58368 | Arena    | Gained mutation: You are dopey. (Int -2) [an orb of fire]
 58369 | Arena    | Killed an orb of fire
 58392 | Zot:4    | Killed a Killer Klown
 58393 | Zot:4    | Reached XP level 26. HP: 144/239 MP: 28/28
 58845 | Zot:5    | Identified the +1 broad axe "Ekivulev" {heavy, Dex+2}
                  | (Okawaru gifted it to you on level 5 of the Realm of Zot)
 58845 | Zot:5    | Received a gift from Okawaru
 58846 | Zot:5    | Reached skill level 27 in Shields
 59377 | Depths:4 | Voluntarily entered the Abyss.
 59377 | Abyss:1  | Found a radiant altar of Vehumet.
 59406 | Abyss:1  | Found a corrupted altar of Lugonu.
 59645 | Abyss:3  | Got an abyssal rune of Zot
 59677 | Depths:4 | Escaped the Abyss
 59769 | Pan      | Entered Pandemonium
 59790 | Pan      | Reached skill level 1 in Throwing
 59806 | Pan      | Found an exit through the horrors of the Abyss.
 59815 | Pan      | Took an exit into the Abyss.
 59815 | Abyss:3  | Escaped into the Abyss
 59815 | Abyss:3  | Found a corrupted altar of Lugonu.
 59935 | Abyss:3  | Gained mutation: You sometimes lose the ability to drink
                  | potions when taking damage. [a neqoxec]
 59959 | Abyss:3  | Found a corrupted altar of Lugonu.
 59969 | Depths:2 | Escaped the Abyss
 60322 | Zot:5    | Got the Orb of Zot
 60800 | D:9      | Noticed Toej the pandemonium lord
 60988 | D:$      | Escaped with the Orb!

Illustrated notes

Levels and vault maps discovered:
D:1:      minmay_arrival_three_doors, layout_basic, kennysheep_flooded_box
D:2:      layout_basic, basic_altar
D:3:      layout_basic, serial_shops, shop
D:4:      layout_loops_ring, dreamdust_gnoll_farm
D:5:      layout_rooms, chequers_ossuary_entry_cave, uniq_duvessa, uniq_ijyb
D:6:      layout_layer_cave, mainiacjoe_overflow_two_lobes,
          minmay_temple_entry_from_below_a, kennysheep_generic_room_11,
          uniq_pikel, uniq_edmund
D:7:      layout_basic, kennysheep_opposing_triangles
D:8:      layout_cave_pools, serial_demonic, serial_demonic_c, serial_demonic_f,
          serial_demonic_a, serial_demonic_e
D:9:      layout_grid_maze, mainiacjoe_overflow_alcove_1, fiery_altar_vehumet,
          orc_david_3, ebering_ghost_gozag
D:10:     layout_small_grid, nicolae_sif_muna_little_library,
          erik_lair_orcish_takeover
D:11:     layout_loops_corners
D:12:     layout_loops_ring, gammafunk_ghost_mausoleum,
          nicolae_transporter_intersection
D:13:     layout_long_grid, skrybe_vaults_entry_preservation, serial_shops, shop
D:14:     minmay_the_grid_3x3 [minmay_the_grid_holed_spiral,
          minmay_the_grid_square_x, minmay_the_grid_spikes,
          minmay_the_grid_outer_diamond, minmay_the_grid_stretched_grid,
          minmay_the_grid_all_tris, minmay_the_grid_fan,
          minmay_the_grid_dragon_b, minmay_the_grid_prize_trominoes],
          layout_loops_corners, okawaru_metal_pillars_3, uniq_kirke
D:15:     grunt_enter_depths_hoard, layout_loops_ring, dispersion_dpeg,
          uniq_agnes
Temple:   nicolae_temple_bog_church
Lair:1:   layout_regular_city, grunt_megastairs_2
Lair:2:   layout_roguey, hellmonk_spider_entry_life_and_decay,
          serial_bayou_lagoon_a, grunt_megastairs_1
Lair:3:   layout_loops_ring, minmay_shoals_entry_centaurs,
          ebering_ghost_reflecting_pool, nicolae_quartered_pool_medium,
          beast_lair_carwin_8
Lair:4:   layout_cave_shapes
Lair:5:   wormcave, layout_misc_corridors, guppyfry_lair_end_dragon,
          nicolae_slime_entry_field_trip, nicolae_lair_liquid_snakes
Shoals:1: layout_shoals, nicolae_shoals_kraken_intersection, uniq_donald
Shoals:2: layout_shoals, yaktaur_hedge
Shoals:3: layout_shoals
Shoals:4: shoals_end_hellmonk_storm_palace [storm_palace_center_circular,
          storm_palace_corner_narrow, storm_palace_corner_blocked,
          storm_palace_corner_reverse_hut, storm_palace_corner_altar]
Spider:1: layout_spider_delve
Spider:2: layout_spider_delve
Spider:3: nicolae_spider_broodchamber, drop_trap
Spider:4: spider_rune_water, drop_trap, uniq_aizul
Slime:1:  layout_caves
Slime:2:  layout_caves
Slime:3:  layout_caves
Slime:4:  layout_caves
Slime:5
Orc:1:    layout_diamond_mine, basic_altar, nicolae_orc_tapped_out, uniq_erica,
          uniq_sonja
Orc:2:    st_orc_elflike, layout_diamond_mine, basic_altar, uniq_jorgrun,
          uniq_snorg
Elf:1:    eino_elf_arrival_altar, layout_onion_city, serial_shops, shop,
          drop_trap, uniq_zenata
Elf:2:    nicolae_elf_blades_crystal_corner, layout_loops_corners, serial_shops,
          nicolae_shop_tiny_waterfront, uniq_nikola, uniq_louise
Elf:3:    elf_hall, layout_geoelf_diagonals, special_room [special_room_orc],
          nicolae_elf_blasts_and_bolts, uniq_bai_suzhen
Vaults:1: v_misc_24, ontoclasm_vaults_ring_square, hangedman_vaults_slice,
          nicolae_vaults_network_star, hangedman_vaults_stitches,
          nicolae_vaults_little_squares_6, v_misc_30,
          nicolae_vaults_network_periphery, ontoclasm_vaults_chip,
          nicolae_vaults_rhombus_7, vaults_dpeg_cross, st_lattice, v_misc_22,
          v_alt_pattern_1, layout_vaults_big_cross
Vaults:2: nicolae_vaults_back_hallway, vaults_mumra_chevron,
          hangedman_vaults_corner, grunt_vaults_hallway_long,
          ontoclasm_vaults_bender, v_misc_1, vaults_dpeg_ring,
          ontoclasm_vaults_decontamination, v_misc_18, vaults_dpeg_hooks,
          hangedman_vaults_hat, nicolae_vaults_asterisk, v_alt_pattern_5,
          vaults_dpeg_diagonal, nicolae_vaults_little_squares_5,
          nicolae_vaults_mini_display_case, ontoclasm_vaults_shuriken,
          layout_vaults_omnibox
Vaults:3: nicolae_vaults_puzzle_piece, grunt_vaults_focal, grunt_vaults_twisty,
          ontoclasm_vaults_hangar, minmay_crypt_entry_simple_sparse, v_misc_23,
          nicolae_vaults_diagonal_hallway_9, nicolae_vaults_diagonal_hallway_8,
          v_misc_25, nicolae_vaults_little_ls, nicolae_vaults_little_squares_4,
          layout_vaults_maze_snakey, serial_shops, nicolae_shop_peninsula,
          uniq_frederick
Vaults:4: ontoclasm_vaults_eye, v_misc_28, vaults_room_ringed_pool,
          vaults_standard_mumra_enter_the_diamond, v_pattern_2,
          layout_vaults_omnigrid, serial_hangedman_research,
          hangedman_research_convocations, hangedman_research_metamorphosis,
          hangedman_research_probablistics, hangedman_research_electronics,
          hangedman_research_pyrotechnics
Vaults:5: uniq_sojobo
Depths:1: layout_small_grid, hellmouth_1, abyss_entry_small_statue_room,
          nicolae_trove_entry_crossroad, serial_rivers,
          chequers_serial_rivers_small_3, chequers_serial_rivers_large_b,
          chequers_serial_rivers_micro_c, chequers_serial_rivers_micro_b,
          chequers_serial_rivers_micro_d, chequers_serial_rivers_micro_d,
          corexii_hall_statues_u, nicolae_uskayaw_suspiria
Depths:2: minmay_curly_fans, layout_cave_shapes, minmay_misc_feat_diagonals,
          grunt_pan_entry_in_and_out, serial_shops, shop,
          grunt_hell_entry_dis_old, ashenzari_conservatory_becter,
          uniq_josephina
Depths:3: evilmike_diamond_2, layout_gridlike, hangedman_abyss_entry_splay,
          nicolae_hell_entry_hellmouth_sunbeams, nrook_uturn,
          minmay_staircase_windowed_small, minmay_shop_grove, uniq_grunn
Depths:4: grunt_zot_entry_hairpin, layout_basic, enter_ziggurat_f, hell_entry,
          lemuel_tele_altar, abyss_entry_flame_altar, uniq_enchantress,
          uniq_parghit
Zot:1:    layout_onion_interference
Zot:2:    layout_cathedral_of_symmetry, hangedman_elemental_grid_stream
Zot:3:    kennysheep_oblong_rooms, layout_cellular_growth
Zot:4:    grunt_deathspiral_small, layout_concentric_octagons,
          st_large_dragon_hoard_2
Zot:5:    layout_basic, grunt_ministairs_6

Skill      XL: |  1  2  3  4  5  6  7  8  9 10 11 12 13 14 15 16 17 18 19 20 21 22 23 24 25 26 |
---------------+-------------------------------------------------------------------------------+-----
Axes           | 3 9 10 11 12 13 14 16 18 20 23 24 | 24.4
Shields        | 4 7 9 12 14 16 18 20 21 22 23 24 26 27 | 27.0
Fighting       | 6 7 8 9 10 12 13 14 16 17 18 19 20 22 23 25 27 | 27.0
Armour         | 6 7 8 9 12 15 17 18 20 23 24 | 24.4
Invocations    | 2 5 6 7 8 10 11 12 | 12.9
Dodging        | 3 6 8 10 | 10.9
Evocations     | 5 7 9 10 11 13 15 17 18 19 | 19.8
Throwing       | 4 |  4.3

Action                     |  1- 3 |  4- 6 |  7- 9 | 10-12 | 13-15 | 16-18 | 19-21 | 22-24 | 25-27 || total
---------------------------+-------+-------+-------+-------+-------+-------+-------+-------+-------++-------
  Melee: War axe           |    51 |   114 |   171 |     7 |    38 |     8 |       |       |       ||   389
         Headbutt          |     3 |    14 |    45 |   124 |   250 |   305 |   358 |   337 |   145 ||  1581
         Hand axe          |       |       |    69 |   555 |    88 |    10 |       |       |       ||   722
         Broad axe         |       |       |       |    14 |   922 |  1280 |  1201 |  1213 |   580 ||  5210
         Unarmed           |       |       |       |       |    14 |       |       |       |     6 ||    20
 Invoke: Heroism           |       |       |       |       |     4 |     8 |     6 |     7 |     2 ||    27
         Finesse           |       |       |       |       |       |       |     5 |     5 |     1 ||    11
         Duel              |       |       |       |       |       |       |       |     2 |     1 ||     3
  Evoke: Lightning rod     |       |       |       |       |     1 |       |     1 |       |       ||     2
         Condenser vane    |       |       |       |       |       |     1 |     1 |       |       ||     2
         Wand              |       |       |       |       |       |       |     2 |       |    10 ||    12
    Use: Scroll            |     3 |     9 |     5 |    10 |     4 |    12 |     4 |    10 |    13 ||    70
         Potion            |     1 |       |       |     1 |     8 |     3 |     7 |     2 |     1 ||    23
 Armour: Scale mail        |    27 |    16 |       |       |       |       |       |       |       ||    43
         Chain mail        |       |    27 |    77 |       |       |       |       |       |       ||   104
         Plate armour      |       |       |     4 |   123 |       |       |       |       |       ||   127
         Crystal plate arm |       |       |       |    43 |   467 |   579 |   399 |    46 |       ||  1534
         Gold dragon scale |       |       |       |       |       |       |       |   441 |   215 ||   656
  Dodge: Dodged            |    27 |    26 |    61 |    80 |   255 |   449 |   406 |   465 |   259 ||  2028
         Repelled          |       |       |       |       |       |    33 |    15 |    44 |    20 ||   112
  Block: Buckler           |     5 |    26 |    39 |       |       |       |       |       |       ||    70
         Tower shield      |       |       |    45 |   407 |  1144 |  1173 |       |       |       ||  2769
         Reflection        |       |       |       |     8 |    27 |   109 |    42 |    72 |    25 ||   283
         Other             |       |       |       |       |     3 |       |       |       |       ||     3
         Kite shield       |       |       |       |       |       |   292 |   948 |   998 |   548 ||  2786

Table legend: (Time is in decaauts)
 A = Elapsed time spent in this place.
 B = Non-inter-level travel time spent in this place.
 C = Inter-level travel time spent in this place.
 D = Time resting spent in this place.
 E = Time spent auto-exploring this place.
 F = Levels seen in this place.
 G = Mean time per level.
                   A        B        C        D        E       F      G
               +--------+--------+--------+--------+--------+-----+--------+
         Total |  60086 |  54938 |   5148 |  13465 |  18178 |  62 |  969.1 |
       Dungeon |  16476 |  14201 |   2275 |   2366 |   5278 |  15 | 1098.4 |
        Temple |     32 |     18 |     14 |      0 |      0 |   1 |   32.0 |
          Lair |   5185 |   4698 |    487 |   1107 |   2112 |   5 | 1037.0 |
        Shoals |   3956 |   3739 |    217 |    630 |   1282 |   4 |  989.0 |
   Spider Nest |   7398 |   7206 |    192 |   4176 |   1259 |   4 | 1849.5 |
    Slime Pits |    614 |    565 |     49 |    162 |      0 |   5 |  122.8 |
  Orcish Mines |   2088 |   1935 |    153 |    950 |    351 |   2 | 1044.0 |
   Elven Halls |   4896 |   4775 |    121 |   1443 |   1370 |   3 | 1632.0 |
        Vaults |   5743 |   5381 |    362 |    236 |   3322 |   5 | 1148.6 |
        Depths |   6101 |   5222 |    879 |    917 |   1678 |   4 | 1525.2 |
           Zot |   6797 |   6401 |    396 |   1359 |   1525 |   5 | 1359.4 |
         Abyss |    460 |    460 |      0 |     81 |      0 |   4 |  115.0 |
   Pandemonium |     55 |     55 |      0 |      0 |      0 |   1 |   55.0 |
       Ossuary |    203 |    203 |      0 |      0 |      0 |   1 |  203.0 |
         Arena |     76 |     76 |      0 |     36 |      0 |   3 |   25.3 |
               +--------+--------+--------+--------+--------+-----+--------+

Top non-repeatable levels by time:
Spider:2: 2711 daAuts
    D:13: 2673 daAuts
Spider:4: 2297 daAuts
   Elf:3: 1943 daAuts
   Zot:4: 1925 daAuts
   Zot:5: 1844 daAuts
    D:14: 1786 daAuts
Depths:2: 1759 daAuts
Depths:3: 1675 daAuts
Depths:4: 1664 daAuts
   Elf:1: 1629 daAuts
Vaults:4: 1473 daAuts
   Zot:2: 1444 daAuts
  Lair:2: 1331 daAuts
   Orc:2: 1325 daAuts
